 Dungeon Crawl Stone Soup version 0.31-a0-844-gdc52ec4e09 (webtiles) character file.

Game seed: 17409582357807388204

68616 Pooter the Severer (level 14, -3/204 HPs)
             Began as a Minotaur Berserker on Sept 28, 2023.
             Was a High Priest of Trog.
             Slain by an orc warrior
             ... wielding a +0 long sword of holy wrath
              (9 damage)
             ... on level 2 of the Orcish Mines.
             The game lasted 01:27:39 (22482 turns).

Pooter the Severer (Minotaur Berserker)            Turns: 22482, Time: 01:27:39

Health: -3/204     AC: 20    Str: 30    XL:     14   Next: 87%
Magic:  13/13      EV: 10    Int:  6    God:    Trog [*****.]
Gold:   1374       SH:  0    Dex: 12    Spells: 13/13 levels left

rFire   + + .        a - +7 battleaxe "Hevecoxe" {heavy, rCorr Str+2}
rCold   + . .        (shield currently unavailable)
rNeg    + + +        K - +3 chain mail {rF+}
rPois   +            x - +0 hat of the Eternal Void {rF+ rC+ rN+ Dex+3}
rElec   .            L - +2 cloak {Will+}
rCorr   +            M - +0 pair of gloves
SInv    +            X - +2 pair of boots of Failure {-Cast Harm Str+2 Stlth+}
Will    +++++        A - amulet "Dihuih" {Harm rN++ Will+ Regen+ Str-3} Stlth
                     z - ring of the Princess {rPois rN+++ Will+ Dex-3 SInv}
HPRegen 2.34/turn    j - +6 ring of strength
MPRegen 0.13/turn

%: no spellcasting, harm (+45% outgoing, +30% incoming)
@: berserking, strong-willed, regenerating, very quick
A: horns 2, retaliatory headbutt
a: Renounce Religion, Berserk, Trog's Hand, Brothers in Arms


You were on level 2 of the Orcish Mines.
You worshipped Trog.
Trog was extremely pleased with you.
You visited 3 branches of the dungeon, and saw 19 of its levels.
You also visited: Volcano.

You collected 2218 gold pieces.
You spent 844 gold pieces at shops.

Inventory:

Hand Weapons
 a - the +7 battleaxe "Hevecoxe" (weapon) {heavy, rCorr Str+2}
   (Trog gifted it to you on level 1 of the Orcish Mines)

   Str+2:     It affects your strength (+2).
   rCorr:     It protects you from acid and corrosion.
 b - a +3 heavy arbalest
   (You found it on level 3 of the Lair of Beasts)
 P - the +5 battleaxe of Supply {heavy, rC+}
   (You acquired it on level 3 of the Dungeon)

   rC+:       It protects you from cold.
 T - the +8 trident "Kuwaok" {heavy, Str+4 Int+2 Dex-5}
   (You found it on level 1 of the Lair of Beasts)

   Str+4:     It affects your strength (+4).
   Int+2:     It affects your intelligence (+2).
   Dex-5:     It affects your dexterity (-5).
Missiles
 k - 35 poisoned darts (quivered)
 B - 5 boomerangs
 H - 2 throwing nets {!f}
 N - 6 javelins
 Q - 91 stones
 S - 3 silver javelins
Armour
 r - the +2 ring mail of Bekijys {rN+ Str+3}
   (You found it on level 4 of the Dungeon)

   Str+3:     It affects your strength (+3).
   rN+:       It protects you from negative energy.
 x - the +0 hat of the Eternal Void (worn) {rF+ rC+ rN+ Dex+3}
   (You acquired it on level 6 of the Dungeon)

   Dex+3:     It affects your dexterity (+3).
   rF+:       It protects you from fire.
   rC+:       It protects you from cold.
   rN+:       It protects you from negative energy.
 y - a +1 plate armour of poison resistance
   (You took it off an orc warrior on level 2 of the Orcish Mines)
 K - a +3 chain mail of fire resistance (worn)
   (You took it off Urug on level 10 of the Dungeon)
 L - a +2 cloak of willpower (worn)
   (You found it on level 10 of the Dungeon)
 M - a +0 pair of gloves (worn)
   (You found it on level 3 of the Lair of Beasts)
 V - the +0 chain mail "Liuros" {Slay+3}
   (You took it off an orc on level 12 of the Dungeon)

   Slay+3:    It affects your accuracy & damage with ranged weapons and melee
   (+3).
 X - the +2 pair of boots of Failure (worn) {-Cast Harm Str+2 Stlth+}
   (You bought it in a shop on level 12 of the Dungeon)

   Str+2:     It affects your strength (+2).
   -Cast:     It prevents spellcasting.
   Harm:      It increases damage dealt and taken.
   Stlth+:    It makes you more stealthy.
Jewellery
 j - a +6 ring of strength (right hand)
   (You found it on level 4 of the Dungeon)
 z - the ring of the Princess (left hand) {rPois rN+++ Will+ Dex-3 SInv}
   (You acquired it on level 6 of the Dungeon)

   [ring of willpower]

   Dex-3:     It affects your dexterity (-3).
   rPois:     It protects you from poison rN+++: It renders you almost immune to
   negative energy.
   Will+:     It increases your willpower.
   SInv:      It lets you see invisible.
 A - the amulet "Dihuih" (around neck) {Harm rN++ Will+ Regen+ Str-3}
   (You acquired it on level 6 of the Dungeon)

   [amulet of regeneration]

   Str-3:     It affects your strength (-3).
   rN++:      It greatly protects you from negative energy.
   Will+:     It increases your willpower.
   Regen+:    It increases your rate of health regeneration.
   Harm:      It increases damage dealt and taken.
 I - a ring of protection from cold
   (You found it on level 3 of the Dungeon)
 R - a +6 ring of dexterity
   (You found it on level 1 of the Lair of Beasts)
 U - the ring "Honwudarchar" {rN+ Will+ EV+5 Stlth+}
   (You found it on level 3 of the Lair of Beasts)

   [ring of evasion]

   EV+5:      It affects your evasion (+5).
   rN+:       It protects you from negative energy.
   Will+:     It increases your willpower.
   Stlth+:    It makes you more stealthy.
Wands
 f - a wand of flame (18)
   (You took it off Maurice on level 10 of the Dungeon)
 n - a wand of polymorph (13)
   (You took it off Robin on level 3 of the Dungeon)
 p - a wand of light (14)
   (You found it on level 4 of the Lair of Beasts)
 u - a wand of paralysis (14)
   (You found it on level 6 of the Dungeon)
 J - a wand of roots (8)
   (You took it off Urug on level 10 of the Dungeon)
Scrolls
 g - 2 scrolls of brand weapon
 i - 2 scrolls of poison
 m - 2 scrolls of blinking
 o - 2 scrolls of butterflies
 q - 2 scrolls of fear
 s - 2 scrolls of revelation
 t - 3 scrolls of teleportation {@r4}
 v - a scroll of silence
 E - a scroll of fog
 W - a scroll of immolation {!r}
Potions
 c - 11 potions of curing {@q1}
 d - 6 potions of heal wounds {@q2}
 e - a potion of might
 h - 3 potions of attraction {!q}
 l - 3 potions of mutation {!q}
 w - 5 potions of invisibility
 C - 2 potions of enlightenment
 D - 3 potions of ambrosia
 F - 2 potions of resistance
 G - a potion of lignification {!q}
 O - a potion of berserk rage {unknown}
 Y - a potion of haste {unknown}


   Skills:
 + Level 15.9 Fighting
 - Level 19.7(20.0) Axes
 - Level 5.4(14.0) Polearms
 * Level 14.3 Ranged Weapons
 + Level 4.4 Armour
 + Level 3.9 Dodging
 + Level 4.0 Stealth
 + Level 5.4 Evocations


You had 13 spell levels left.
You didn't know any spells.
Your spell library was empty.

Dungeon Overview and Level Annotations

Branches:
Dungeon (12/15) Zot: 25019  Temple (0/1) D:5            Lair (5/5) D:10 Zot: 23689
  Swamp (0/4) Lair:2        Snake (0/4) Lair:3        Slime (0/5) Lair:4
    Orc (2/2) D:12 Zot: 9009     Elf (0/3) Orc:2       Volcano (visited)

Altars:
Cheibriados
Dithmenos
Elyvilon
Fedhas
Gozag
Hepliaklqana
Okawaru
Ru
Sif Muna
Trog
Vehumet
Wu Jian
Yredelemnul
The Shining One

Shops:
D:12 =[(!(   Orc:2 [:


Innate Abilities, Weirdness & Mutations

You have a pair of horns on your head.
You reflexively headbutt those who attack you in melee.


Message History

The hellwing barely misses you.
The orc high priest hits you but does no damage.
The orc knight hits you with a +0 great sword!!
* * * LOW HITPOINT WARNING * * *
The orc warrior hits you but does no damage.
An orc comes into view. It is wielding a +0 flail.
Unknown command.
You open the orc high priest like a pillowcase!!!
You kill the orc high priest!
Trog accepts your kill.
The hellwing disappears in a puff of smoke!
You barely miss the orc warrior. You slice the orc warrior!!
You feel the power of Trog in you as your rage grows.
You kill the orc warrior!
Trog accepts your kill. Trog grants you a weapon!
Something appears at your feet!
You see here a +0 antimagic hand axe.
You closely miss the orc knight. You slash the orc priest!
Your Stealth skill increases to level 4!
You carve the orc knight like a ham!!!
You kill the orc knight!
Trog accepts your kill.
You open the rust devil like a pillowcase!!!
You kill the rust devil!
The rust devil disappears in a puff of smoke!
You slash the orc priest!
You kill the orc priest!
Trog accepts your kill.
You open the orc warrior like a pillowcase!!!
You kill the orc warrior!
Trog accepts your kill. The orc warrior closely misses you.
An orc high priest comes into view. It is wielding a +0 hand axe.
The orc priest invokes the aid of Beogh against you.
Beogh smites you!
* * * LOW HITPOINT WARNING * * *
An orc knight comes into view. It is wielding a +0 glaive.
Unknown command.
You chop the orc warrior into pieces!!!
You kill the orc warrior!
Trog accepts your kill.
You closely miss the orc warrior. You slice the orc!!
You kill the orc!
Trog accepts your kill.
The orc warrior hits you from afar with a +0 glaive.
* * * LOW HITPOINT WARNING * * *
The orc warrior unwields a +0 scimitar.
The orc warrior wields a +0 orcbow.
The orc warrior shoots an arrow.
The arrow barely misses you.
The orc warrior hits you with a +0 long sword of holy wrath!
You die...

..## ...#
.......##
..##
#...#...#
.##
.....o..##
..##
#...#....#
.#.#
....o....#
...#
#...#....#
##.#
o...o..))#
.###
#o..#.)@)#
###
o..oo.oo##
#.##
#.oo#o.)#
...#
....oo.##
...#
#..4#..
...#
......#
#..#
#.#.##
...# ∩...
...# ∩#


You could see 2 orc knights, 3 orc high priests, a hellwing (summoned), 6 orc
warriors, 2 orc priests and an orc.

Vanquished Creatures
  A stone giant (Volcano)
  Nessos (Lair:5)
  A fire dragon (Lair:5)
  Josephine (D:10)
  3 hydras
  5 two-headed ogres
  A boulder beetle (Lair:1)
  7 death yaks
  An orc high priest (Orc:2)
  Urug (D:10)
  2 skysharks
  2 orc knights (Orc:2)
  A lindwurm (Lair:5)
  2 cyclopes
  An oklob plant (D:5)
  3 manticores
  Maurice (D:10)
  6 black mambas
  An ice statue (D:11)
  11 elephants
  10 cane toads
  2 torpor snails
  2 rust devils (D:11)
  4 molten gargoyles
  A smoke demon (D:11)
  3 gargoyles
  An efreet (Volcano)
  3 unseen horrors
  5 rime drakes
  3 kobold demonologists
  17 komodo dragons
  A red devil (D:11)
  A hellwing (D:11)
  2 polar bears (Lair:3)
  A troll (D:12)
  15 blink frogs
  4 dream sheep (Lair:4)
  Sigmund (D:3)
  3 shadows
  16 wyverns
  5 fire bats (Volcano)
  7 basilisks
  5 wraiths (D:10)
  64 yaks
  A fire elemental (Volcano)
  Eustachio (D:4)
  3 nagas (Lair:3)
  4 steam dragons
  An acid dragon (D:11)
  3 wargs
  4 hell hounds (Lair:5)
  10 water moccasins
  17 orc warriors
  6 black bears
  3 boggarts (D:12)
  10 centaurs
  3 ogres
  19 wolves
  2 phantoms
  2 kobold brigands
  12 bullfrogs
  2 gnoll sergeants (D:9)
  6 scorpions
  2 earth elementals (Volcano)
  5 killer bees (D:9)
  6 howler monkeys
  10 lava snakes
  7 hounds
  2 jellies
  11 orc priests
  A gnoll bouda (D:8)
  3 iguanas
  3 sleepcaps
  10 orc wizards
  4 hell rats (Lair:4)
  Robin (D:3)
  17 gnolls
  4 adders
  4 white imps
  2 ufetubi
  A worm (D:2)
  2 dart slugs (D:2)
  60 orcs
  5 ball pythons
  6 endoplasms
  A giant cockroach (D:1)
  9 goblins
  10 hobgoblins
  4 jackals
  18 kobolds
  4 quokkas
  3 bats
  4 frilled lizards
  7 rats
563 creatures vanquished.

Notes
Turn   | Place    | Note
-------+----------+-------------------------------------------
     0 | D:1      | Pooter the Minotaur Berserker began the quest for the Orb.
     0 | D:1      | Reached XP level 1. HP: 19/19 MP: 0/0
    90 | D:1      | Reached XP level 2. HP: 27/27 MP: 1/1
   130 | D:1      | Reached skill level 4 in Axes
   156 | D:1      | Reached skill level 1 in Stealth
   886 | D:2      | Reached XP level 3. HP: 33/33 MP: 2/2
  1067 | D:2      | Found a faded altar of an unknown god.
  1201 | D:2      | Reached ** piety under Trog
  1492 | D:3      | Noticed Robin
  1493 | D:3      | Noticed Ijyb
  1530 | D:3      | Killed Robin
  1551 | D:3      | Ijyb changed into Ijyb the ogre
  1551 | D:3      | Noticed Ijyb
  1583 | D:3      | Killed Ijyb the ogre
  1584 | D:3      | Reached skill level 5 in Axes
  1584 | D:3      | Reached XP level 4. HP: 41/41 MP: 3/3
  1584 | D:3      | Reached XP level 5. HP: 47/47 MP: 4/4
  1733 | D:3      | Identified a scroll of acquirement
  1734 | D:3      | Acquired the +5 battleaxe of Supply {heavy, rC+}
  1777 | D:3      | Noticed Sigmund
  1787 | D:3      | Killed Sigmund
  1788 | D:3      | Reached skill level 5 in Fighting
  1788 | D:3      | Reached skill level 6 in Axes
  1788 | D:3      | Reached skill level 1 in Ranged Weapons
  1788 | D:3      | Reached XP level 6. HP: 56/56 MP: 5/5
  2664 | D:4      | Noticed Eustachio
  2673 | D:4      | Killed Eustachio
  2674 | D:4      | Reached skill level 7 in Axes
  2674 | D:4      | Reached XP level 7. HP: 60/62 MP: 6/6
  2806 | D:4      | Identified the +2 ring mail of Bekijys {rN+ Str+3}
  3410 | D:5      | Entered Level 5 of the Dungeon
  3460 | D:5      | Reached skill level 8 in Axes
  3714 | D:5      | Reached XP level 8. HP: 70/71 MP: 7/7
  3868 | D:5      | Reached *** piety under Trog
  3881 | D:5      | Reached skill level 9 in Axes
  3956 | D:5      | Found a staircase to the Ecumenical Temple.
  4148 | D:5      | Found a blossoming altar of Fedhas.
  4196 | D:5      | Noticed an oklob plant
  4468 | D:5      | Killed an oklob plant
  4469 | D:5      | Reached skill level 10 in Axes
  4469 | D:5      | Reached skill level 5 in Ranged Weapons
  4563 | D:6      | Reached XP level 9. HP: 79/81 MP: 8/8
  4730 | D:6      | Found a snail-covered altar of Cheibriados.
  4732 | D:6      | Found a radiant altar of Vehumet.
  4750 | D:6      | Found a glowing golden altar of the Shining One.
  4752 | D:6      | Found a bloodstained altar of Trog.
  4752 | D:6      | Found a hazy altar of Hepliaklqana.
  4752 | D:6      | Found an opulent altar of Gozag.
  4753 | D:6      | Found an ornate altar of the Wu Jian Council.
  5036 | D:6      | Acquired the ring of the Princess {rPois rN+++ Will+ Dex-3
                  | SInv}
  5039 | D:6      | Acquired the amulet "Dihuih" {Harm rN++ Will+ Regen+ Str-3}
  5046 | D:6      | Acquired the +0 hat of the Eternal Void {rF+ rC+ rN+ Dex+3}
  5088 | D:6      | Found a white marble altar of Elyvilon.
  5298 | D:6      | Reached skill level 11 in Axes
  5403 | D:7      | Found an iron altar of Okawaru.
  5465 | D:7      | Found a basalt altar of Yredelemnul.
  5708 | D:7      | Noticed a two-headed ogre
  5714 | D:7      | Killed a two-headed ogre
  5715 | D:7      | Reached skill level 12 in Axes
  6108 | D:8      | Found a shadowy altar of Dithmenos.
  6258 | D:8      | Reached XP level 10. HP: 91/91 MP: 9/9
  7034 | D:9      | Reached skill level 13 in Axes
  7113 | D:9      | Noticed a two-headed ogre
  7127 | D:9      | Killed a two-headed ogre
  7128 | D:9      | Reached skill level 10 in Fighting
  7131 | D:9      | Reached **** piety under Trog
  7462 | D:9      | Reached skill level 14 in Axes
  7568 | D:9      | Identified the +2 leather armour of the Thunderstorm {Harm
                  | rN++ Str+2}
  7572 | D:9      | Identified the +0 scale mail "Ekaxuqej" {Regen+ Int+3}
  7645 | D:9      | Found a shimmering blue altar of Sif Muna.
  7883 | D:10     | Entered Level 10 of the Dungeon
  7933 | D:10     | Found a staircase to the Lair.
  8024 | D:10     | Noticed a two-headed ogre
  8033 | D:10     | Killed a two-headed ogre
  8034 | D:10     | Reached XP level 11. HP: 49/101 MP: 10/10
  8431 | D:10     | Noticed Josephine
  8439 | D:10     | Killed Josephine
  8442 | D:10     | Noticed Urug
  8444 | D:10     | Reached skill level 15 in Axes
  8453 | D:10     | Killed Urug
  8644 | D:10     | Noticed Maurice
  8653 | D:10     | Killed Maurice
  8757 | D:10     | Found a sacrificial altar of Ru.
  8960 | Lair:1   | Entered Level 1 of the Lair of Beasts
  9331 | Lair:1   | Identified the +8 trident "Kuwaok" {heavy, Str+4 Int+2
                  | Dex-5}
  9351 | Lair:1   | Reached skill level 10 in Ranged Weapons
  9416 | Lair:1   | Reached skill level 16 in Axes
  9506 | Lair:1   | Noticed a boulder beetle
  9514 | Lair:1   | Killed a boulder beetle
  9515 | Lair:1   | Reached XP level 12. HP: 112/112 MP: 11/11
  9881 | Lair:2   | Noticed an eight-headed hydra
  9881 | Lair:2   | Found a staircase to the Swamp.
  9885 | Lair:2   | Killed an eight-headed hydra
  9936 | Lair:2   | Reached skill level 17 in Axes
 10005 | Lair:2   | Noticed a death yak
 10016 | Lair:2   | Killed a death yak
 10034 | Lair:2   | Noticed a death yak
 10035 | Lair:2   | Noticed a death yak
 10041 | Lair:2   | Killed a death yak
 10045 | Lair:2   | Killed a death yak
 10094 | Lair:2   | You fall into a shaft and drop 2 floors!
 10094 | Lair:4   | Noticed a death yak
 10094 | Lair:4   | Noticed a death yak
 10094 | Lair:4   | Noticed a death yak
 10094 | Lair:4   | Noticed a death yak
 10160 | Lair:4   | Reached skill level 18 in Axes
 10184 | Lair:3   | Noticed a six-headed hydra
 10695 | Lair:2   | Reached XP level 13. HP: 63/122 MP: 12/12
 10697 | Lair:2   | Reached skill level 1 in Polearms
 11382 | Lair:3   | Identified the ring "Honwudarchar" {rN+ Will+ EV+5 Stlth+}
 11538 | Lair:3   | Upgraded the game from 0.31-a0-841-g038b102fc3 to
                  | 0.31-a0-844-gdc52ec4e09
 12107 | Lair:3   | Reached skill level 19 in Axes
 12392 | Lair:3   | Found a staircase to the Snake Pit.
 13112 | Lair:4   | Reached skill level 1 in Evocations
 13273 | Lair:4   | Reached skill level 5 in Polearms
 13536 | Lair:4   | Found a staircase to the Slime Pits.
 13662 | Lair:5   | Entered Level 5 of the Lair of Beasts
 13669 | Lair:5   | Reached ***** piety under Trog
 13726 | Lair:5   | Noticed Nessos
 13732 | Lair:5   | Killed Nessos
 13785 | Lair:5   | Reached XP level 14. HP: 133/133 MP: 13/13
 13818 | Lair:5   | Reached skill level 15 in Fighting
 14443 | Lair:5   | Found a large runed translucent door.
 14446 | Lair:5   | Found a large runed translucent door.
 14814 | Lair:5   | Identified the +8 longbow "Edyusott" {freeze, MP+9}
 17020 | D:11     | Reached skill level 5 in Evocations
 18104 | D:12     | Identified the +0 chain mail "Liuros" {Slay+3}
 18328 | D:12     | Found a staircase to the Orcish Mines.
 18547 | D:12     | Found Jeew's Weapon Shoppe.
 18659 | D:12     | Found Roavveq's Jewellery Shop.
 18861 | D:12     | Found Gauc's Antique Weapon Shop.
 18870 | D:12     | Found Xulucrys's Distillery.
 18875 | D:12     | Bought a potion of invisibility for 128 gold pieces
 18875 | D:12     | Bought 2 potions of curing for 96 gold pieces
 18875 | D:12     | Bought a potion of invisibility for 128 gold pieces
 18875 | D:12     | Bought a potion of heal wounds for 80 gold pieces
 18875 | D:12     | Bought a potion of heal wounds for 80 gold pieces
 18954 | D:12     | Found Uzxonir's Antique Armour Shop.
 18962 | D:12     | Bought a pair of warped boots for 332 gold pieces
 18962 | D:12     | Identified the +2 pair of boots of Failure {-Cast Harm
                  | Str+2 Stlth+} (You bought it in a shop on level 12 of the
                  | Dungeon)
 19215 | Orc:1    | Entered Level 1 of the Orcish Mines
 19216 | Orc:1    | Identified the +7 battleaxe "Hevecoxe" {heavy, rCorr Str+2}
                  | (Trog gifted it to you on level 1 of the Orcish Mines)
 19216 | Orc:1    | Received a gift from Trog
 19297 | Orc:1    | Found a dark tunnel.
 19313 | Volcano  | Entered a volcano
 19524 | Volcano  | Found a bloodstained altar of Trog.
 19554 | Volcano  | Noticed a stone giant
 19559 | Volcano  | Killed a stone giant
 19829 | Orc:2    | Entered Level 2 of the Orcish Mines
 22393 | Orc:2    | Found a staircase to the Elven Halls.
 22474 | Orc:2    | Found Zuluff's Antique Armour Boutique.
 22474 | Orc:2    | Found Muev's Book Shop.
 22480 | Orc:2    | Received a gift from Trog
 22481 | Orc:2    | HP: 6/204 [orc priest/divine providence (13)]
 22482 | Orc:2    | Slain by an orc warrior

Illustrated notes

Levels and vault maps discovered:
D:1:      tarquinn_simple_flora_water_e, layout_loops_ring
D:2:      layout_loops_ring, chequers_ecumenical_altar_grove
D:3:      layout_rooms, corexii_corridor_pit, nicolae_goblin_pals, uniq_sigmund
D:4:      kennysheep_six_static_rooms, layout_layer_cave, uniq_eustachio
D:5:      layout_loops_cross, tgw_fedhas, temple_fountains
D:6:      layout_basic, marbit_many_paths, grunt_temple_overflow_open
D:7:      layout_basic, okawaru_ov_weapons_minmay, mainiacjoe_overflow_boulevard
D:8:      layout_basic, nicolae_dithmenos_the_darkroom
D:9:      layout_irregular_city, lemuel_blue_sif_altar
D:10:     layout_long_grid, nicolae_ru_path_of_blood,
          due_lair_maze_entry_diamond, kennysheep_flooded_box,
          hangedman_decor_growths, due_unseen_surprise, uniq_urug, uniq_maurice,
          uniq_josephine
D:11:     layout_small_grid, minivault_16, nicolae_where_there's_smoke
D:12:     layout_roguey, david_orc_3, serial_shops, shop, nicolae_shop_crystal,
          nicolae_shop_peninsula, shop, shop
Lair:1:   layout_chaotic_city, grunt_megastairs_1
Lair:2:   layout_loops_ring, swamp_mist
Lair:3:   layout_cave_pods, nicolae_snake_entry_squirm
Lair:4:   layout_cave_pods, dpeg_slime_entry_enclosed, special_room
          [special_room_mythical_zoo], serial_bayou_shore_b
Lair:5:   cheibrodos_lair_end_hotspot, layout_small_grid, uniq_nessos
Orc:1:    layout_diamond_mine, basic_altar, enter_volcano_2, bloody_makhleb,
          uniq_jorgrun
Orc:2:    st_orc_pillars, layout_caves, basic_altar

Skill      XL: |  1  2  3  4  5  6  7  8  9 10 11 12 13 14 |
---------------+-------------------------------------------+-----
Axes           | 4 5 6 7 8 10 12 14 16 18 19 | 19.7
Stealth        | 1 2 4 |  4.0
Fighting       | 4 5 6 7 9 10 12 13 14 15 | 15.9
Ranged Weapons | 1 2 4 5 7 8 10 11 12 14 | 14.3
Polearms       | 5 |  5.4
Evocations     | 2 5 |  5.4
Armour         | 4 |  4.4
Dodging        | 3 |  3.9

Action                     |  1- 3 |  4- 6 |  7- 9 | 10-12 | 13-15 || total
---------------------------+-------+-------+-------+-------+-------++-------
  Melee: Hand axe          |    67 |    10 |       |       |       ||    77
         Headbutt          |    15 |     3 |    70 |    24 |    33 ||   145
         Battleaxe         |       |    27 |   246 |   199 |   228 ||   700
         Trident           |       |       |       |     2 |     1 ||     3
   Fire: Sling             |       |    26 |     8 |       |       ||    34
         Orcbow            |       |       |    43 |    72 |     8 ||   123
         Arbalest          |       |       |       |       |   234 ||   234
  Throw: Dart              |       |       |     5 |     6 |       ||    11
 Invoke: Berserk           |     2 |     2 |     2 |     5 |     6 ||    17
         Trog's Hand       |     1 |     2 |     2 |    14 |    11 ||    30
  Evoke: Wand              |     1 |     3 |     2 |     8 |     2 ||    16
    Use: Scroll            |     4 |     3 |     8 |    10 |    13 ||    38
         Potion            |       |     1 |       |       |     2 ||     3
   Stab: Sleeping          |       |       |     1 |       |       ||     1
         Paralysed         |       |       |       |     1 |     2 ||     3
 Armour: Scale mail        |    15 |       |       |       |       ||    15
         Animal skin       |     2 |       |       |       |       ||     2
         Chain mail        |    22 |    47 |     1 |       |    61 ||   131
         Ring mail         |       |       |   101 |   243 |   306 ||   650
  Dodge: Dodged            |    29 |    28 |    66 |   128 |   193 ||   444

Table legend: (Time is in decaauts)
 A = Elapsed time spent in this place.
 B = Non-inter-level travel time spent in this place.
 C = Inter-level travel time spent in this place.
 D = Time resting spent in this place.
 E = Time spent auto-exploring this place.
 F = Levels seen in this place.
 G = Mean time per level.
                   A        B        C        D        E       F      G
               +--------+--------+--------+--------+--------+-----+--------+
         Total |  23174 |  22550 |    624 |   7879 |  10871 |  20 | 1158.7 |
       Dungeon |  13536 |  13192 |    344 |   3985 |   7040 |  12 | 1128.0 |
          Lair |   6310 |   6031 |    279 |   1415 |   3449 |   5 | 1262.0 |
  Orcish Mines |   2989 |   2989 |      0 |   2422 |    350 |   2 | 1494.5 |
       Volcano |    338 |    338 |      0 |     56 |     32 |   1 |  338.0 |
               +--------+--------+--------+--------+--------+-----+--------+

Top non-repeatable levels by time:
   Orc:2: 2691 daAuts
    D:11: 2116 daAuts
    D:12: 1980 daAuts
  Lair:3: 1744 daAuts
  Lair:5: 1376 daAuts
  Lair:4: 1314 daAuts
     D:5: 1311 daAuts
     D:4: 1237 daAuts
    D:10: 1207 daAuts
     D:8: 1021 daAuts
  Lair:1: 978 daAuts
  Lair:2: 896 daAuts
     D:9: 891 daAuts
     D:1: 840 daAuts
     D:6: 828 daAuts
